Map: Incorporeal LE

Players

devzero - Winner!

  • Race: Protoss Protoss
  • League: Diamond
  • Spawn Location: 5:00

ManlyManMeat

  • Race: Zerg Zerg
  • League: Diamond
  • Spawn Location: 11:00

VOD

Have the link to the VOD?

Description

Time

  • Played on: July 8, 2025, 6:21 p.m.
  • Length: 4:12
Show
View Real Time Build Order
Export as new Build Order

devzero Protoss - Winner!

Build Orders: 1 Gate Expand 

Get SALT Encoding   

  12  0:00  Probe  
  13  0:12  Probe  
  14  0:20  Pylon  
  14  0:24  Probe  
  15  0:34  Probe  
  15  0:42  Gateway, Probe  
  17  0:52  Probe  
  18  1:00  Probe  
  18  1:08  Probe  
  20  1:19  Probe  
  20  1:23  Nexus  
  21  1:31  Pylon, Probe  
  22  1:37  Assimilator  
  22  1:43  Probe, Assimilator  
  23  1:53  Cybernetics Core  
  23  1:55  Probe  
  23  1:59  Cybernetics Core  
  24  2:03  Probe  
  25  2:11  Probe  
  25  2:12  Zealot  
  27  2:18  Gateway  
  27  2:21  Probe  
  29  2:33  Probe  
  29  2:36  Probe  
  31  2:38  Stalker  
  33  2:46  Probe  
  33  2:48  Probe  
  35  2:56  Probe  
  35  2:58  Gateway, Probe  
  36  3:02  Pylon  
  36  3:04  Probe  
  37  3:10  Probe, Sentry x2  
  43  3:15  Probe  
  44  3:22  Probe  
  44  3:24  Probe  
  45  3:29  Forge  
  45  3:32  Probe, Twilight Council  
  46  3:34  Probe  
  46  3:39  Assimilator  
  48  3:41  Assimilator  
  48  3:43  Probe  
  48  3:44  Pylon  
  48  3:46  Probe  
  50  4:01  Shield Battery  
Show
View Real Time Build Order
Export as new Build Order

ManlyManMeat Zerg 

Build Orders: Hatch First 

Get SALT Encoding   

  12  0:00  Drone  
  13  0:08  Drone  
  14  0:14  Extractor  
  14  0:16  Drone  
  15  0:22  Overlord  
  15  0:41  Drone  
  16  0:46  Hatchery  
  15  0:50  Drone  
  15  0:54  Drone  
  17  0:57  Drone  
  18  1:08  Extractor  
  17  1:13  Spawning Pool  
  17  1:16  Drone  
  17  1:19  Drone  
  18  1:28  Drone  
  19  1:35  Extractor  
  18  1:44  Drone  
  19  1:50  Drone  
  20  1:58  Drone  
  21  2:02  Baneling Nest, Queen  
  22  2:10  Zergling x6  
  25  2:23  Zergling x4  
  25  2:26  Metabolic Boost  
  27  2:31  Overlord  
  27  2:36  Zergling x2  
  28  2:50  Zergling x4  
  30  2:54  Zergling x4  
  32  3:03  Zergling x4  
  34  3:06  Queen  
  34  3:11  Overlord  
  36  3:17  Baneling x5  
  36  3:27  Overlord  
  36  3:30  Zergling x4  
  36  3:31  Zergling x2  
  39  3:36  Zergling x2  
  39  3:38  Zergling x2  
  41  3:43  Zergling x2  
Tags
 
Add a new tag
Caveats
  • Supply blocks, unpowered buildings, or Contaminate may cause inaccurate times.
  • Supply counts are checked every 10 seconds.